[Event "ICC tourney 3381 (40 10)"]
[Site "Internet Chess Club"]
[Date "2024.02.10"]
[Round "1"]
[White "Bunting, William J:Wjbunting"]
[Black "Romanyuk, Nikita:NikitaR"]
[Result "0-1"]
[ICCResult "White resigns"]
[WhiteElo "1396"]
[BlackElo "1152"]
[Opening "Trompowsky attack (Ruth, Opocenský opening)"]
[ECO "A45"]
[NIC "QP.07"]
[Time "11:00:23"]
[PlyCount "26"]
[TimeControl "2400+10"]

1. d4 Nf6 2. Bg5 h6 3. Bxf6 gxf6 4. e4 c6 5. Nf3 Bg7 6. Nbd2 e5 7. c3 d6 8.
Be2 f5 9. exf5 Bxf5 10. Nh4 Qxh4 11. Nf3 Qe7 12. Bd3 Bxd3 13. Qxd3 e4
{White resigns}
0-1

[Event "ICC tourney 3381 (40 10)"]
[Site "Internet Chess Club"]
[Date "2024.02.10"]
[Round "1"]
[White "WESLEY, GEORGE:Maglars"]
[Black "BAI, JEFFREY:Jeffchess"]
[Result "0-1"]
[ICCResult "White resigns"]
[WhiteElo "1026"]
[BlackElo "1274"]
[Opening "English opening"]
[ECO "A10"]
[NIC "EO.22"]
[Time "11:00:33"]
[PlyCount "58"]
[TimeControl "2400+10"]

1. c4 d6 2. Nc3 e5 3. g3 Bd7 4. Bg2 Bc6 5. Bxc6+ Nxc6 6. d3 Be7 7. Nf3 Nf6
8. e4 h5 9. Be3 Ng4 10. Bd2 h4 11. gxh4 Bxh4 12. Nxh4 Qxh4 13. Qe2 Nd4 14.
Qf1 Nxh2 15. Rxh2 Qxh2 16. O-O-O Rh3 17. Ne2 Rxd3 18. Nxd4 Rxd4 19. Qh1
Rxc4+ 20. Bc3 Qf4+ 21. Kb1 Qxe4+ 22. Kc1 O-O-O 23. Qh3+ f5 24. Qh7 g5 25.
Qe7 b5 26. Qxg5 b4 27. Qd2 bxc3 28. bxc3 d5 29. Qh6 Rxc3+ {White resigns}
0-1

[Event "ICC tourney 3381 (40 10)"]
[Site "Internet Chess Club"]
[Date "2024.02.10"]
[Round "1"]
[White "Jeyakumar, Krish:krishjeyakumar"]
[Black "Ryerson, Olivia:oliviaryerson"]
[Result "0-1"]
[ICCResult "White checkmated"]
[WhiteElo "1166"]
[BlackElo "1397"]
[Opening "Sicilian: Kan, 5.Nc3"]
[ECO "B43"]
[NIC "SI.44"]
[Time "11:00:41"]
[PlyCount "130"]
[TimeControl "2400+10"]

1. e4 c5 2. Nc3 a6 3. Nf3 e6 4. d4 cxd4 5. Nxd4 b5 6. Bd3 Bb7 7. O-O Nc6 8.
Nxc6 Bxc6 9. Bf4 Be7 10. Re1 Nf6 11. a3 O-O 12. e5 Nd5 13. Ne4 Nxf4 14. Bf1
Bxe4 15. Rxe4 Nd5 16. Bd3 Bc5 17. Qh5 g6 18. Qh6 f5 19. Rh4 Qe7 20. Re1 Qg7
21. Qd2 g5 22. Rh5 Nf4 23. Qd1 Nxh5 24. Qxh5 Qg6 25. Qf3 h6 26. g4 fxg4 27.
Qxa8 Bxf2+ 28. Kf1 Bxe1+ 29. Qxf8+ Kxf8 30. Bxg6 Bd2 31. b3 Bf4 32. Bh5 g3
33. hxg3 Bxg3 34. a4 Bxe5 35. Ke2 Ke7 36. axb5 axb5 37. Kd3 d5 38. Bg4 Kf6
39. Ke3 Bf4+ 40. Kd4 b4 41. Kc5 Bd2 42. Kd4 Bc3+ 43. Kc5 Ke5 44. Kc6 Kf4 45.
Bxe6 g4 46. Bxd5 h5 47. Bh1 g3 48. Kd5 h4 49. Bg2 Kg4 50. Ke4 h3 51. Bf3+
Kh4 52. Kf4 g2 53. Bxg2 hxg2 54. Kf3 Kh3 55. Kf2 Bd4+ 56. Kf3 g1=Q 57. Ke2
Qe3+ 58. Kd1 Qg1+ 59. Kd2 Bc3+ 60. Ke2 Qe1+ 61. Kd3 Qd2+ 62. Ke4 Qd4+ 63.
Kf3 Bd2 64. Ke2 Qe3+ 65. Kf1 Qe1# {White checkmated} 0-1

[Event "ICC tourney 3381 (40 10)"]
[Site "Internet Chess Club"]
[Date "2024.02.10"]
[Round "1"]
[White "Jackson, Leo Daniel Olivera:ibizajacko"]
[Black "SANGAL LOPEZ, DEV:devsl"]
[Result "0-1"]
[ICCResult "White checkmated"]
[WhiteElo "1404"]
[BlackElo "1199"]
[Opening "Bird's opening"]
[ECO "A03"]
[NIC "VO.07"]
[Time "11:00:21"]
[PlyCount "106"]
[TimeControl "2400+10"]

1. f4 d5 2. Nf3 Nc6 3. e3 Nf6 4. Bb5 Bd7 5. b3 a6 6. Bxc6 Bxc6 7. d3 e6 8.
Bb2 Bc5 9. Qe2 Qe7 10. Ne5 Bd7 11. Nd2 O-O-O 12. a3 Ne8 13. b4 Ba7 14. c4 f6
15. Nef3 dxc4 16. Nxc4 Nd6 17. Rc1 Bb5 18. Nfd2 Rd7 19. e4 Rhd8 20. Nb3 Nxc4
21. dxc4 Ba4 22. Na1 Rd1+ 23. Rxd1 Rxd1+ 24. Qxd1 Bxd1 25. Kxd1 Qd6+ 26. Kc2
Qxf4 27. Kb3 Qxe4 28. Rd1 b5 29. Rc1 Qd3+ 30. Rc3 bxc4+ 31. Ka2 Qd5 32. Nc2
e5 33. g3 Bd4 34. Nxd4 exd4 35. Rc1 c3+ 36. Kb1 Qb3 37. Rc2 cxb2 38. Rxb2
Qd1+ 39. Ka2 d3 40. h3 d2 41. g4 Qc1 42. Rxd2 Qxd2+ 43. Kb3 Kd7 44. h4 Kc6
45. g5 fxg5 46. hxg5 Qxg5 47. Ka4 Qb5+ 48. Kb3 Kd5 49. a4 Qd3+ 50. Ka2 Kc4
51. b5 Qb3+ 52. Ka1 Kc3 53. bxa6 Qb2# {White checkmated} 0-1

[Event "ICC tourney 3381 (40 10)"]
[Site "Internet Chess Club"]
[Date "2024.02.10"]
[Round "1"]
[White "JULKIPLI, Azim AHMAD:Azimahmad"]
[Black "Gruber, Justin:jgrub828"]
[Result "1/2-1/2"]
[ICCResult "Game drawn by mutual agreement"]
[WhiteElo "1207"]
[BlackElo "1421"]
[Opening "Rousseau gambit"]
[ECO "C50"]
[NIC "IG.03"]
[Time "11:00:19"]
[PlyCount "178"]
[TimeControl "2400+10"]

1. e4 e5 2. Nf3 Nc6 3. Bc4 f5 4. d3 Be7 5. Nc3 Nf6 6. O-O h6 7. Re1 Na5 8.
Bb3 Nxb3 9. axb3 O-O 10. Nxe5 Qe8 11. Be3 d6 12. Nf3 fxe4 13. dxe4 Bg4 14.
Bf4 Qg6 15. Qd3 Nd7 16. Bg3 Bxf3 17. gxf3 c6 18. Kh1 Nc5 19. Qe2 Bg5 20.
Rad1 Bf4 21. Rg1 Qf6 22. Bxf4 Qxf4 23. Rg3 Rf7 24. Qd2 Raf8 25. Qxf4 Rxf4
26. Kg2 R4f6 27. Re1 Ne6 28. Ne2 b6 29. Rd1 a5 30. Nd4 Nxd4 31. Rxd4 Rc8 32.
Kf1 d5 33. Ke2 Rd6 34. Rg1 Re6 35. Kd3 Rf8 36. Rg3 dxe4+ 37. Rxe4 Rxe4 38.
Kxe4 Kf7 39. Rg1 Rd8 40. Ke3 Kf6 41. Ke2 g5 42. Rg4 c5 43. Re4 h5 44. h3 Kf5
45. Re7 Rd6 46. Rf7+ Kg6 47. Re7 Kf6 48. Re8 Rc6 49. Rf8+ Kg7 50. Rf5 Re6+
51. Kd2 Kg6 52. Rd5 h4 53. Rd3 Kf5 54. Re3 Rd6+ 55. Ke2 Rc6 56. c4 Rd6 57.
Rd3 Rf6 58. Re3 Rf8 59. Rd3 Kf4 60. Re3 Rd8 61. Re4+ Kf5 62. Re3 Ra8 63. Rd3
a4 64. bxa4 Rxa4 65. b3 Ra1 66. Rd1 Ra8 67. Rd6 Kf4 68. Rf6+ Ke5 69. Rxb6
Ra1 70. Rb5 Kd4 71. Rb6 Rh1 72. Rd6+ Kc3 73. Rd5 Rxh3 74. Rxc5 Kxb3 75. Rxg5
Kxc4 76. Rh5 Kd4 77. Rg5 Rh1 78. Rg4+ Ke5 79. f4+ Kf5 80. f3 h3 81. Rh4 h2
82. Kf2 Ra1 83. Rxh2 Ra2+ 84. Kg3 Ra8 85. Rh5+ Kf6 86. Rg5 Ra1 87. Kg4 Rg1+
88. Kh4 Rh1+ 89. Kg3 Ra1 {Game drawn by mutual agreement} 1/2-1/2

[Event "ICC tourney 3381 (40 10)"]
[Site "Internet Chess Club"]
[Date "2024.02.10"]
[Round "2"]
[White "KINKUS, SAM E:Grandslam34"]
[Black "JULKIPLI, Azim AHMAD:Azimahmad"]
[Result "0-1"]
[ICCResult "White resigns"]
[WhiteElo "956"]
[BlackElo "1207"]
[Opening "Vienna game, Max Lange defense"]
[ECO "C25"]
[NIC "VG.04"]
[Time "13:15:52"]
[PlyCount "22"]
[TimeControl "2400+10"]

1. e4 e5 2. Nc3 Nc6 3. Bc4 Bc5 4. Qg4 Bf8 5. Qf3 Nf6 6. Nge2 Bc5 7. d3 O-O
8. Bg5 Be7 9. O-O-O d6 10. h3 h6 11. Bxh6 gxh6 {White resigns} 0-1

[Event "ICC tourney 3381 (40 10)"]
[Site "Internet Chess Club"]
[Date "2024.02.10"]
[Round "2"]
[White "Gruber, Justin:jgrub828"]
[Black "Jackson, Daniel:paparruchas"]
[Result "1-0"]
[ICCResult "Black resigns"]
[WhiteElo "1421"]
[BlackElo "612"]
[Opening "French defense"]
[ECO "C00"]
[NIC "FR.01"]
[Time "13:15:49"]
[PlyCount "87"]
[TimeControl "2400+10"]

1. e4 e6 2. Nc3 d5 3. exd5 exd5 4. d4 Be6 5. Nf3 c5 6. dxc5 Bxc5 7. Bb5+ Bd7
8. Bxd7+ Qxd7 9. Qxd5 Qxd5 10. Nxd5 Bd6 11. b3 b5 12. Bb2 Ne7 13. Nxe7 Bxe7
14. O-O Rf8 15. Bxg7 Rg8 16. Bb2 Nc6 17. Rfe1 Rg6 18. Ne5 Nxe5 19. Rxe5 a6
20. Ba3 b4 21. Bxb4 Ra7 22. Rxe7+ Rxe7 23. Bxe7 Kxe7 24. Kf1 Rh6 25. h3 Rd6
26. Rc1 Rd2 27. Ke1 Rd4 28. f3 Kf6 29. c4 Rd8 30. Rc2 Kg5 31. g3 Rd3 32. Ke2
Rd6 33. c5 Re6+ 34. Kf2 Rc6 35. b4 f5 36. f4+ Kf6 37. a4 Ke6 38. b5 axb5 39.
axb5 Rc8 40. Ke3 Kd5 41. c6 Rb8 42. c7 Rc8 43. b6 Kd6 44. b7 {Black resigns}
1-0

[Event "ICC tourney 3381 (40 10)"]
[Site "Internet Chess Club"]
[Date "2024.02.10"]
[Round "2"]
[White "Ryerson, Olivia:oliviaryerson"]
[Black "SANGAL LOPEZ, DEV:devsl"]
[Result "1/2-1/2"]
[ICCResult "Game drawn by mutual agreement"]
[WhiteElo "1397"]
[BlackElo "1199"]
[Opening "Robatsch (modern) defense"]
[ECO "A40"]
[NIC "QO.17"]
[Time "13:15:49"]
[PlyCount "84"]
[TimeControl "2400+10"]

1. d4 g6 2. Nc3 Bg7 3. e4 d6 4. Be3 Nf6 5. f3 O-O 6. Qd2 Nbd7 7. Nge2 c6 8.
Bh6 e5 9. Bxg7 Kxg7 10. g4 exd4 11. Qxd4 Ne5 12. Bg2 Qc7 13. g5 Nfd7 14. f4
c5 15. Nd5 Qa5+ 16. Qd2 Qxd2+ 17. Kxd2 Nc4+ 18. Kc3 Ndb6 19. Nxb6 Nxb6 20.
Rad1 Bg4 21. Rd2 Rfe8 22. Ng3 Rad8 23. h3 Bc8 24. Rhd1 d5 25. exd5 Re3+ 26.
Rd3 Na4+ 27. Kd2 Rxd3+ 28. cxd3 Nb6 29. Rc1 Nxd5 30. Bxd5 Rxd5 31. b4 b6 32.
bxc5 bxc5 33. Ne4 Bxh3 34. Rxc5 Rxc5 35. Nxc5 f6 36. gxf6+ Kxf6 37. Ke3 Be6
38. Nxe6 Kxe6 39. Ke4 h5 40. d4 a6 41. d5+ Kd6 42. a3 h4
{Game drawn by mutual agreement}
1/2-1/2

[Event "ICC tourney 3381 (40 10)"]
[Site "Internet Chess Club"]
[Date "2024.02.10"]
[Round "2"]
[White "Chiappetta, Graydon:loopy"]
[Black "Jackson, Leo Daniel Olivera:ibizajacko"]
[Result "0-1"]
[ICCResult "White resigns"]
[WhiteElo "784"]
[BlackElo "1404"]
[Opening "French defense"]
[ECO "C00"]
[NIC "FR.01"]
[Time "13:15:49"]
[PlyCount "100"]
[TimeControl "2400+10"]

1. e4 e6 2. Nf3 d5 3. e5 c5 4. Be2 Nc6 5. c3 Qb6 6. d4 Bd7 7. O-O cxd4 8.
cxd4 Nge7 9. b3 Nf5 10. Bb2 Rc8 11. a4 Na5 12. Nbd2 Bb4 13. Ba3 Bxa3 14.
Rxa3 Nxd4 15. Nxd4 Qxd4 16. Qe1 Qxe5 17. Nf3 Qc3 18. Qb1 Qb4 19. Qb2 Rg8 20.
Ne5 f6 21. Nxd7 Kxd7 22. Bb5+ Ke7 23. g3 a6 24. Bd3 Rgd8 25. Bxh7 Nc4 26.
Qe2 Nxa3 27. Bf5 Rc6 28. Bg4 Rdd6 29. f4 Qd4+ 30. Kh1 Qe4+ 31. Bf3 Qxe2 32.
Bxe2 Rc3 33. f5 e5 34. g4 Rxb3 35. Rf3 Rxf3 36. Bxf3 Nc4 37. g5 fxg5 38. f6+
gxf6 39. Bg2 Ne3 40. a5 Nxg2 41. Kxg2 b6 42. Kf2 bxa5 43. h4 a4 44. h5 f5
45. h6 a3 46. h7 Rh6 47. Ke3 a2 48. Kd3 Rxh7 49. Kc3 a1=Q+ 50. Kb3 Rh3+
{White resigns}
0-1

[Event "ICC tourney 3381 (40 10)"]
[Site "Internet Chess Club"]
[Date "2024.02.10"]
[Round "2"]
[White "Romanyuk, Nikita:NikitaR"]
[Black "ANGELCHIK, JACOB:t105mm"]
[Result "0-1"]
[ICCResult "White resigns"]
[WhiteElo "1152"]
[BlackElo "1230"]
[Opening "Sicilian: Canal-Sokolsky attack, 3...Bd7"]
[ECO "B52"]
[NIC "SI.01"]
[Time "13:16:57"]
[PlyCount "56"]
[TimeControl "2400+10"]

1. e4 c5 2. Nf3 d6 3. Bb5+ Bd7 4. Bxd7+ Qxd7 5. O-O Nc6 6. c3 Nf6 7. Re1 g6
8. d4 cxd4 9. Nxd4 Nxd4 10. cxd4 Bg7 11. Nc3 O-O 12. h3 Rad8 13. Be3 d5 14.
e5 Ne4 15. Nxe4 dxe4 16. f3 Qb5 17. b3 Bxe5 18. Qb1 Bg3 19. Rf1 exf3 20.
Rxf3 Bc7 21. Qb2 e5 22. Rd1 Bb6 23. Rd2 exd4 24. Bxd4 Rxd4 25. Rxd4 Rd8 26.
Rf4 Qe5 27. Kh1 Bxd4 28. Qc1 Be3 {White resigns} 0-1

[Event "ICC tourney 3381 (40 10)"]
[Site "Internet Chess Club"]
[Date "2024.02.10"]
[Round "2"]
[White "ASKEW, GEORGE:BlueStorm"]
[Black "Jeyakumar, Krish:krishjeyakumar"]
[Result "1-0"]
[ICCResult "Black checkmated"]
[WhiteElo "1211"]
[BlackElo "1166"]
[Opening "Queen's pawn game"]
[ECO "D02"]
[NIC "QP.08"]
[Time "13:16:03"]
[PlyCount "87"]
[TimeControl "2400+10"]

1. d4 d5 2. Nf3 Bf5 3. Bf4 e6 4. e3 Nf6 5. Bd3 Bxd3 6. cxd3 Nc6 7. a3 Bd6 8.
Bg3 Qe7 9. Nbd2 Bxg3 10. hxg3 O-O-O 11. Ne5 Nxe5 12. dxe5 Nd7 13. d4 f6 14.
f4 g5 15. Qc2 gxf4 16. exf4 f5 17. Rc1 Nb6 18. Kf2 c6 19. Qc5 Qxc5 20. Rxc5
Kc7 21. b3 Nd7 22. Rc3 a5 23. Rhc1 h5 24. Nf3 Rde8 25. Ng5 h4 26. b4 axb4
27. axb4 Ra8 28. Nxe6+ Kc8 29. R1c2 Nb6 30. gxh4 Rxh4 31. Rg3 Ra4 32. Rg8+
Kd7 33. Nc5+ Kc7 34. Nxa4 Nxa4 35. g3 Rh2+ 36. Kg1 Rxc2 37. g4 fxg4 38. Rxg4
Kd7 39. f5 Ke8 40. f6 Kf8 41. Rg7 b6 42. Ra7 Nc3 43. e6 Re2 44. Ra8#
{Black checkmated}
1-0

[Event "ICC tourney 3381 (40 10)"]
[Site "Internet Chess Club"]
[Date "2024.02.10"]
[Round "3"]
[White "ANGELCHIK, JACOB:t105mm"]
[Black "BAI, JEFFREY:Jeffchess"]
[Result "1-0"]
[ICCResult "Black resigns"]
[WhiteElo "1230"]
[BlackElo "1274"]
[Opening "Queen's Pawn"]
[ECO "A41"]
[NIC "QO.17"]
[Time "15:30:08"]
[PlyCount "65"]
[TimeControl "2400+10"]

1. d4 d6 2. Bf4 Bf5 3. e3 Nd7 4. Nf3 Ngf6 5. Bd3 Bg4 6. O-O e5 7. dxe5 dxe5
8. Bg5 Nc5 9. Nc3 h6 10. Bxf6 Qxf6 11. Be2 Rd8 12. Nd5 Qc6 13. Nxe5 Rxd5 14.
Nxc6 Rxd1 15. Raxd1 bxc6 16. Bxg4 Bd6 17. Bf3 Ke7 18. Bxc6 f5 19. Rfe1 g5
20. e4 f4 21. e5 Ke6 22. exd6+ Kf6 23. d7 Nxd7 24. Rxd7 Rb8 25. Ree7 Rxb2
26. Rf7+ Kg6 27. Rg7+ Kh5 28. Bf3+ Kh4 29. h3 Rxc2 30. Rh7 g4 31. Bxg4 a5
32. Rd5 Rc1+ 33. Kh2 {Black resigns} 1-0

[Event "ICC tourney 3381 (40 10)"]
[Site "Internet Chess Club"]
[Date "2024.02.10"]
[Round "3"]
[White "SANGAL LOPEZ, DEV:devsl"]
[Black "Gruber, Justin:jgrub828"]
[Result "1-0"]
[ICCResult "Black resigns"]
[WhiteElo "1199"]
[BlackElo "1421"]
[Opening "Scotch gambit"]
[ECO "C44"]
[NIC "SO.06"]
[Time "15:30:11"]
[PlyCount "117"]
[TimeControl "2400+10"]

1. e4 e5 2. Nf3 Nc6 3. d4 exd4 4. Bc4 h6 5. O-O d6 6. Nxd4 Nf6 7. Nxc6 bxc6
8. Bf4 Be6 9. Bb3 Qd7 10. e5 Nd5 11. Bg3 Be7 12. c4 Nb6 13. Nd2 c5 14. a4 a5
15. Qf3 O-O 16. Rfd1 Bg4 17. Qe3 Bxd1 18. Rxd1 Qe6 19. exd6 Qxe3 20. fxe3
Bxd6 21. Bxd6 cxd6 22. Ne4 Rfe8 23. Rxd6 Rxe4 24. Rxb6 Rxe3 25. Bc2 Rae8 26.
h3 Re1+ 27. Kh2 R1e2 28. Bd1 Rd2 29. Bf3 g6 30. Bd5 Ree2 31. Rxg6+ Kh7 32.
Rc6 Rxb2 33. Rxc5 f5 34. Rxa5 f4 35. Rb5 Ra2 36. a5 Ra3 37. Rb7+ Kg6 38. Rf7
Kg5 39. Rg7+ Kf6 40. Rf7+ Kg6 41. Rxf4 Rxa5 42. Rf3 Raa2 43. Rc3 Red2 44.
Bf3 Kf6 45. c5 Rac2 46. Rxc2 Rxc2 47. c6 Kg5 48. Kg3 Rc4 49. Kf2 h5 50. Ke3
h4 51. Kd3 Rc1 52. Kd4 Kf6 53. Kd5 Ke7 54. Ke5 Rc5+ 55. Kd4 Rc1 56. Bd5 Rc2
57. Ke3 Kd6 58. Be4 Ke5 59. Bxc2 {Black resigns} 1-0

[Event "ICC tourney 3381 (40 10)"]
[Site "Internet Chess Club"]
[Date "2024.02.10"]
[Round "3"]
[White "Jackson, Daniel:paparruchas"]
[Black "Chiappetta, Graydon:loopy"]
[Result "1-0"]
[ICCResult "Black checkmated"]
[WhiteElo "612"]
[BlackElo "784"]
[Opening "Bird's opening"]
[ECO "A02"]
[NIC "VO.07"]
[Time "15:30:10"]
[PlyCount "81"]
[TimeControl "2400+10"]

1. f4 e6 2. Nf3 Be7 3. e3 Nh6 4. b3 Ng4 5. Bb2 O-O 6. Be2 d5 7. Ne5 Nxe5 8.
Bxe5 Nc6 9. Bb2 d4 10. e4 Bc5 11. d3 a5 12. a4 Qe7 13. O-O Bd7 14. Qe1 Nb4
15. Bd1 Bc6 16. Nd2 Ra7 17. Nf3 e5 18. Nxe5 f6 19. Nxc6 bxc6 20. Kh1 Rd8 21.
Rf3 Na6 22. Rh3 g6 23. Qh4 Nb8 24. Rg3 Nd7 25. f5 Qg7 26. Bc1 Nf8 27. Bh6
Qe7 28. Bh5 Bd6 29. Rg4 Qf7 30. Bxf8 Bxf8 31. fxg6 hxg6 32. Bxg6 Rd7 33.
Bxf7+ Kxf7 34. Qh7+ Ke6 35. Qf5+ Ke7 36. Rf1 Rd6 37. e5 Bg7 38. exd6+ Kxd6
39. Rxg7 c5 40. Qxf6+ Kd5 41. Rf5# {Black checkmated} 1-0

[Event "ICC tourney 3381 (40 10)"]
[Site "Internet Chess Club"]
[Date "2024.02.10"]
[Round "3"]
[White "Bunting, William J:Wjbunting"]
[Black "WESLEY, GEORGE:Maglars"]
[Result "1-0"]
[ICCResult "Black checkmated"]
[WhiteElo "1396"]
[BlackElo "1026"]
[Opening "Queen's Pawn"]
[ECO "A41"]
[NIC "QO.17"]
[Time "15:30:24"]
[PlyCount "45"]
[TimeControl "2400+10"]

1. d4 d6 2. Bf4 Nf6 3. e3 g6 4. Nf3 Bg7 5. c3 O-O 6. h4 Bg4 7. Be2 h6 8.
Nbd2 c6 9. Qc2 Nbd7 10. e4 Re8 11. e5 Nd5 12. Bg3 dxe5 13. Nxe5 Bf5 14. Bd3
Be6 15. O-O-O Nxe5 16. Bxe5 Nf6 17. Rdf1 b5 18. Rhg1 h5 19. f3 Bh6 20. g4
hxg4 21. fxg4 Nxg4 22. Bxg6 Rf8 23. Bh7# {Black checkmated} 1-0

[Event "ICC tourney 3381 (40 10)"]
[Site "Internet Chess Club"]
[Date "2024.02.10"]
[Round "3"]
[White "JULKIPLI, Azim AHMAD:Azimahmad"]
[Black "Ryerson, Olivia:oliviaryerson"]
[Result "1-0"]
[ICCResult "Black resigns"]
[WhiteElo "1207"]
[BlackElo "1397"]
[Opening "Sicilian: O'Kelly variation"]
[ECO "B28"]
[NIC "SI.43"]
[Time "15:30:23"]
[PlyCount "123"]
[TimeControl "2400+10"]

1. e4 c5 2. Nf3 a6 3. d4 cxd4 4. Nxd4 Nf6 5. Nc3 e5 6. Nf3 Bb4 7. Bg5 Qc7 8.
Bd2 d6 9. h3 Bxc3 10. Bxc3 Nxe4 11. Bd2 Nxd2 12. Qxd2 O-O 13. Bd3 Re8 14.
Be2 Be6 15. O-O Nc6 16. Rfd1 Rad8 17. a3 b5 18. Re1 Ne7 19. Bd3 Bc4 20. Rad1
Bxd3 21. Qxd3 Ng6 22. c3 Qc4 23. Qd2 e4 24. Nd4 d5 25. Qe3 Ne5 26. b3 Qc7
27. Nc2 h6 28. Nb4 Qb7 29. Re2 a5 30. Na2 Nd3 31. Nc1 Nxc1 32. Rxc1 Qe7 33.
b4 axb4 34. axb4 Qg5 35. Qxg5 hxg5 36. Rd2 f6 37. Rcd1 Re5 38. Ra2 Re7 39.
Ra6 Rc7 40. Re6 Rxc3 41. Rxe4 Rc4 42. Red4 Rxd4 43. Rxd4 Kf7 44. f3 Ke6 45.
Kf2 Rc8 46. Ke3 Rc4 47. g3 Ke5 48. f4+ gxf4+ 49. gxf4+ Ke6 50. h4 Rxd4 51.
Kxd4 g6 52. Kc5 Kf5 53. Kxb5 Ke4 54. Kc6 d4 55. b5 d3 56. b6 d2 57. b7 d1=Q
58. b8=Q Qd5+ 59. Kc7 Qf7+ 60. Kc6 Qe6+ 61. Kc7 Qe5+ 62. fxe5 {Black
resigns} 1-0

[Event "ICC tourney 3381 (40 10)"]
[Site "Internet Chess Club"]
[Date "2024.02.10"]
[Round "3"]
[White "Jackson, Leo Daniel Olivera:ibizajacko"]
[Black "Romanyuk, Nikita:NikitaR"]
[Result "1-0"]
[ICCResult "Black checkmated"]
[WhiteElo "1404"]
[BlackElo "1152"]
[Opening "Bird's opening"]
[ECO "A02"]
[NIC "VO.07"]
[Time "15:30:11"]
[PlyCount "121"]
[TimeControl "2400+10"]

1. f4 Nc6 2. Nf3 Nf6 3. e3 d5 4. Bb5 a6 5. Bxc6+ bxc6 6. b3 e6 7. Bb2 g6 8.
Ne5 Bb7 9. d3 Rg8 10. Nd2 Nd7 11. Ndf3 Nxe5 12. fxe5 Bg7 13. Qe2 f6 14. Rf1
f5 15. h3 h5 16. h4 Bf8 17. Ng5 Bc8 18. e4 Be7 19. Bc1 Bb4+ 20. Bd2 Rb8 21.
Bxb4 Rxb4 22. Qd2 Rb8 23. Qc3 Bb7 24. g3 Qe7 25. b4 Ra8 26. a3 Kd7 27. Qd4
a5 28. Kd2 axb4 29. Qxb4 Rab8 30. Qxe7+ Kxe7 31. exd5 cxd5 32. d4 Rbc8 33.
Rfb1 Bc6 34. Rb3 Rb8 35. Rab1 Rxb3 36. cxb3 Rb8 37. b4 Ba4 38. Rc1 Kd7 39.
Nh7 c6 40. Nf6+ Ke7 41. Ke3 Ra8 42. Rc3 Bb5 43. Kf4 Ba4 44. Kg5 Kf7 45. Rc5
Ra7 46. Ra5 Rxa5 47. bxa5 Bb5 48. Nd7 Ba6 49. Nc5 Bc8 50. a6 Bxa6 51. Nxa6
Kg7 52. Nc5 Kf7 53. a4 Kg7 54. a5 Kf7 55. a6 Kg7 56. a7 f4 57. gxf4 Kf7 58.
a8=Q Kg7 59. Qb7+ Kg8 60. Kxg6 Kf8 61. Qf7# {Black checkmated} 1-0

[Event "ICC tourney 3381 (40 10)"]
[Site "Internet Chess Club"]
[Date "2024.02.10"]
[Round "4"]
[White "Chiappetta, Graydon:loopy"]
[Black "KINKUS, SAM E:Grandslam34"]
[Result "0-1"]
[ICCResult "White checkmated"]
[WhiteElo "784"]
[BlackElo "956"]
[Opening "Scandinavian (center counter) defense"]
[ECO "B01"]
[NIC "VO.17"]
[Time "17:45:29"]
[PlyCount "124"]
[TimeControl "2400+10"]

1. e4 d5 2. e5 c5 3. Nf3 Nc6 4. c3 Bg4 5. d4 e6 6. Be2 Bxf3 7. Bxf3 cxd4 8.
cxd4 Qb6 9. Qa4 Qb4+ 10. Qxb4 Bxb4+ 11. Bd2 Nxd4 12. Na3 Bxa3 13. O-O Nxf3+
14. gxf3 Bc5 15. b4 Bb6 16. a4 a5 17. Rfc1 Nh6 18. Bxh6 gxh6 19. Rc2 Ke7 20.
b5 Rac8 21. Re2 Rc4 22. Kg2 Rhc8 23. h4 d4 24. h5 d3 25. Re4 Rxe4 26. fxe4
Rd8 27. Rd1 d2 28. Kf3 Rd4 29. Ke3 Rxa4+ 30. Kxd2 Rd4+ 31. Ke2 Rxd1 32. Kxd1
Bxf2 33. Ke2 Bg3 34. Kd3 Bxe5 35. Kc4 Kf6 36. b6 Bd6 37. Kb5 a4 38. Kxa4 Kg5
39. Kb5 Kxh5 40. Kc4 Kg5 41. Kd4 h5 42. e5 Bb8 43. Ke4 Kg4 44. Ke3 Kg3 45.
Ke2 Kg2 46. Ke3 h4 47. Kf4 h3 48. Kg5 h2 49. Kf6 h1=Q 50. Kxf7 Qf1+ 51. Kxe6
Qb5 52. Ke7 Qxb6 53. e6 h5 54. Kf7 Qxe6+ 55. Kg7 h4 56. Kh7 Qg4 57. Kh6 Kf3
58. Kh7 Kf4 59. Kh8 Kf5 60. Kh7 Kf6 61. Kh8 Kf7 62. Kh7 Qg7# {White
checkmated} 0-1

[Event "ICC tourney 3381 (40 10)"]
[Site "Internet Chess Club"]
[Date "2024.02.10"]
[Round "4"]
[White "SANGAL LOPEZ, DEV:devsl"]
[Black "ANGELCHIK, JACOB:t105mm"]
[Result "1-0"]
[ICCResult "Black checkmated"]
[WhiteElo "1199"]
[BlackElo "1230"]
[Opening "Sicilian"]
[ECO "B56"]
[NIC "SI.01"]
[Time "17:46:48"]
[PlyCount "91"]
[TimeControl "2400+10"]

1. e4 c5 2. Nf3 d6 3. d4 cxd4 4. Nxd4 Nf6 5. Nc3 Bd7 6. Bc4 Nc6 7. Nxc6 Bxc6
8. Qe2 Qa5 9. Bd2 Qe5 10. f4 Qc5 11. Be3 Qb4 12. O-O Qxb2 13. Nd5 Nxd5 14.
exd5 Ba4 15. Rfe1 Qxc2 16. Bb5+ Kd8 17. Qxc2 Bxc2 18. Rac1 Be4 19. Red1 e5
20. dxe6 fxe6 21. Bc5 d5 22. Bd4 Rg8 23. Rc3 g5 24. fxg5 Be7 25. h4 h6 26.
gxh6 Rxg2+ 27. Kf1 Bxh4 28. Rh3 Bg3 29. h7 Kc7 30. h8=Q Rxh8 31. Bxh8 Rf2+
32. Kg1 Rg2+ 33. Kf1 Rf2+ 34. Ke1 Rg2+ 35. Rxg3 Rxg3 36. Be5+ Kb6 37. Bxg3
Kxb5 38. Kd2 Kc4 39. Rc1+ Kb4 40. Bf2 a5 41. Rc3 a4 42. a3+ Kb5 43. Rc5+ Ka6
44. Kc3 Bf5 45. Kb4 Bc2 46. Ra5# {Black checkmated} 1-0

[Event "ICC tourney 3381 (40 10)"]
[Site "Internet Chess Club"]
[Date "2024.02.10"]
[Round "4"]
[White "BAI, JEFFREY:Jeffchess"]
[Black "JULKIPLI, Azim AHMAD:Azimahmad"]
[Result "0-1"]
[ICCResult "White checkmated"]
[WhiteElo "1274"]
[BlackElo "1207"]
[Opening "Evans gambit"]
[ECO "C52"]
[NIC "IG.05"]
[Time "17:45:23"]
[PlyCount "130"]
[TimeControl "2400+10"]

1. e4 e5 2. Nf3 Nc6 3. Bc4 Bc5 4. b4 Bxb4 5. c3 Ba5 6. d4 exd4 7. O-O h6 8.
Nxd4 Nf6 9. e5 Nh7 10. Nf5 O-O 11. Qg4 Ng5 12. h4 Nxe5 13. Qg3 Ng6 14. hxg5
hxg5 15. Bxg5 Qe8 16. Be7 d5 17. Bxf8 Qxf8 18. Nh6+ gxh6 19. Bxd5 Qg7 20.
Re1 c6 21. Re8+ Kh7 22. Bb3 b6 23. Qc7 Bb7 24. Re7 Rf8 25. Rxf7 Rxf7 26.
Bxf7 Ba6 27. Qxa7 Bc4 28. Bxg6+ Kxg6 29. Qxg7+ Kxg7 30. f3 Bd3 31. Kf2 b5
32. Ke3 Bg6 33. Kd4 Bb6+ 34. Ke5 Be3 35. a4 bxa4 36. Na3 Bd2 37. Rd1 Bxc3+
38. Kd6 Bb4+ 39. Kc7 Bxa3 40. Kxc6 Bb2 41. Re1 a3 42. Kd5 a2 43. Re7+ Kf6
44. Re6+ Kf7 45. Ra6 a1=Q 46. Rxa1 Bxa1 47. Kc4 Kf6 48. Kd5 Be5 49. g4 Bf4
50. Kd4 Bc2 51. Kd5 Be5 52. g5+ hxg5 53. Kc4 Bd1 54. f4 gxf4 55. Kd3 f3 56.
Ke3 Be2 57. Kf2 Bd4+ 58. Ke1 Kf5 59. Kd2 Kf4 60. Ke1 Kg3 61. Kd2 Kg2 62. Ke1
f2+ 63. Kxe2 f1=Q+ 64. Kd2 Qf3 65. Ke1 Bc3# {White checkmated} 0-1